 Dungeon Crawl Stone Soup version 0.32-a0-768-g0f6f1dd4b9 (webtiles) character file.

Game seed: 12548328368436448555

4795 Hubris850 the Grappler (level 10, -3/71 HPs)
             Began as a Pale Draconian Shapeshifter on Mar 18, 2024.
             Was an Elder of Okawaru.
             Killed from afar by an electric eel (11 damage)
             ... with a bolt of electricity
             ... on level 9 of the Dungeon.
             The game lasted 00:19:52 (6780 turns).

Hubris850 the Grappler (DrSh)                       Turns: 6780, Time: 00:19:54

Health: -3/71      AC: 20    Str: 19    XL:     10   Next: 24%
Magic:  10/10      EV: 15    Int: 11    God:    Okawaru [****..]
Gold:   820        SH:  0    Dex: 12    Spells: 9/9 levels left

rFire   . .          .
                       - Unarmed
rCold   . . .        (shield currently unavailable)
rNeg    . . .        (body armour unavailable)
rPois   .            (helmet restricted)
rElec   .            (no cloak)
rCorr   .            g - +1 pair of gloves
SInv    .            K - +2 pair of boots {rampage}
Will    .....        u - amulet of the acrobat
Stlth   +            l - +4 ring of protection
HPRegen 0.31/turn    D - +4 ring of protection
MPRegen 0.12/turn

%: acrobat, rampage
@: flux-form, glowing, very slow
A: glow, contaminating, steam breath, AC +7, unfitting armour, cold-blooded,
steam resistance
a: Steam Breath, Begin Untransformation, Renounce Religion, Heroism, Finesse


You were on level 9 of the Dungeon.
You worshipped Okawaru.
Okawaru was greatly pleased with you.
You were something dangerously unstable.
You visited 1 branch of the dungeon, and saw 9 of its levels.
You also visited: Bailey.

You collected 820 gold pieces.

Inventory:

Hand Weapons
 x - a +0 orcbow of flaming
Missiles
 d - 8 datura-tipped darts
 e - 6 javelins
 h - 17 curare-tipped darts
 k - 39 poisoned darts
 m - 26 boomerangs (quivered)
 B - 4 throwing nets
Armour
 g - a +1 pair of gloves (worn)
 E - the orb of the Ditch-Digger {*Rage, Will+ Hexes}
   (You found it on level 5 of the Dungeon)

   Will+:     It increases your willpower.
   Hexes:     It increases the power of your Hexes spells.
 K - a +2 pair of boots of rampaging (worn)
Magical Staves
 i - a staff of conjuration
 R - a staff of cold
Jewellery
 l - a +4 ring of protection (left hand)
 u - an amulet of the acrobat (around neck)
 v - a ring of protection from cold
 w - a ring of flight
 D - a +4 ring of protection (right hand)
Talismans
 b - a beast talisman
 c - a flux talisman (active)
Wands
 a - a wand of flame (23)
 J - a wand of iceblast (10)
 O - a wand of mindburst (12)
Scrolls
 n - a scroll of amnesia
 o - 2 scrolls of fog
 p - a scroll of noise {unknown}
 r - a scroll of summoning {unknown}
 y - 2 scrolls of identify
 z - 2 scrolls of teleportation {unknown}
 A - 2 scrolls of fear
 H - a scroll of revelation {unknown}
 I - a scroll of brand weapon {unknown}
 L - a scroll of enchant armour
 N - a scroll of vulnerability {unknown}
 P - a scroll of immolation {unknown}
 Q - a scroll of poison
Potions
 f - 3 potions of ambrosia
 j - 3 potions of brilliance
 q - 2 potions of mutation
 s - 3 potions of haste {unknown}
 t - 2 potions of curing {unknown}
 C - a potion of invisibility {unknown}
 F - 3 potions of enlightenment
 G - 2 potions of attraction {unknown}
 M - a potion of degeneration {unknown}


   Skills:
 - Level 1.1 Fighting
 + Level 5.0 Throwing
 - Level 1.7 Dodging
 + Level 11.8 Unarmed Combat
 + Level 8.1 Shapeshifting


You had 9 spell levels left.
You didn't know any spells.
Your spell library contained the following spells:

 Spells                   Type           Power      Damage    Failure   Level
 Kiss of Death            Conj/Necr      0%         2d5       34%         1
 Necrotise                Necr           0%         1d4       34%         1
 Blink                    Tloc           0%         N/A       47%         2
 Jinxbite                 Hex            0%         N/A       47%         2
 Lesser Beckoning         Tloc           0%         N/A       47%         2
 Momentum Strike          Conj/Tloc      0%         3d8       47%         2
 Static Discharge         Conj/Air       0%         3-3/arc   47%         2
 Confusing Touch          Hex            0%         N/A       71%         3
 Fugue of the Fallen      Necr           0%         N/A       71%         3
 Hailstorm                Conj/Ice       0%         3d5       71%         3
 Ozocubu's Armour         Ice            0%         N/A       71%         3
 Vampiric Draining        Necr           0%         2d6       71%         3
 Airstrike                Air            0%         2d(0-16)  98%         4
 Dispel Undead            Necr           0%         3d6       98%         4
 Manifold Assault         Tloc           0%         N/A       98%         4
 Curse of Agony           Necr           0%         N/A       100%        5
 Yara's Violent Unravell  Hex/Alch       0%         3d3       100%        5
 Permafrost Eruption      Ice/Erth       0%         2x4d2     100%        6
 Enfeeble                 Hex            0%         N/A       100%        7
 Summon Ice Beast         Ice/Summ       Unusable   N/A       N/A         3
 Martyr's Knell           Necr/Summ      Unusable   N/A       N/A         4
 Summon Lightning Spire   Summ/Air       Unusable   N/A       N/A         4
 Sculpt Simulacrum        Ice/Alch       Unusable   N/A       N/A         6

Dungeon Overview and Level Annotations

Branches:
Dungeon (9/15)             Temple (0/1) D:6          Bailey (visited)
   Lair: D:8-11         Orc: D:9-12

Altars:
Fedhas
Gozag
Hepliaklqana
Nemelex Xobeh
Okawaru
Trog
Uskayaw
Vehumet
Xom
The Shining One

Shops:
D:8 [   D:9 !:(


Innate Abilities, Weirdness & Mutations

You are something dangerously unstable.
You glow with magical radiation, making you easy to see and hit.
Foes you strike become dangerously contaminated with magical radiation.
You are incapable of wielding weapons or throwing items.
You can breathe blasts of scalding, opaque steam.
Your pale cyan-grey scales are hard. (AC +7)
You cannot fit into any form of body armour.
You are cold-blooded and may be slowed by cold attacks.
You are immune to the effects of steam.


Message History

Your tail-slap misses the electric eel.
The electric eel is moderately wounded.
A nearby plant withers and dies.
The electric eel shoots out a bolt of lightning at you!
The bolt of electricity hits you!
The bolt of electricity hits the plant.
Your unstable footing causes you to fumble your attack.
The electric eel shoots out a bolt of lightning at you!
The bolt of electricity misses you.
You hit the electric eel.
The electric eel glows dangerously bright.
You tail-slap the electric eel, but do no damage.
The electric eel is heavily wounded.
The electric eel shoots out a bolt of lightning at you!
The bolt of electricity hits you!
The bolt of electricity hits the plant!
The electric eel shoots out a bolt of lightning at you!
The bolt of electricity hits you.
The electric eel shoots out a bolt of lightning at you!
The bolt of electricity hits the electric eel.
The electric eel completely resists.
The bolt of electricity hits you but does no damage.
You punch the electric eel!
You kill the electric eel!
Okawaru accepts your kill.
The electric eel shoots out a bolt of lightning at you!
The bolt of electricity misses you.
The electric eel shoots out a bolt of lightning at you!
The bolt of electricity hits you!
* * * LOW HITPOINT WARNING * * *
Okay, then.
You rampage towards the electric eel!
Your unstable footing causes you to fumble your attack.
A nearby plant withers and dies.
You barely miss the electric eel.
A nearby plant withers and dies.
Your unstable footing causes you to fumble your attack.
The electric eel shoots out a bolt of lightning at you!
The bolt of electricity hits you.
* * * LOW HITPOINT WARNING * * *
The electric eel shoots out a bolt of lightning at you!
The bolt of electricity hits you!
You die...

......(..♣♣♣ ♣♣
........♣P~PP~~~~♣#.##
.......♣♣~~~~~~~~~♣..#
.....♣♣♣~~~~~~.~S~...#
.....♣~~~.~..........#
.....................#
###+....~~.~.....~~~♣♣♣.
#....#.♣.P..~♣~~~~~P~~PP
#...∩#.♣~~~~~~~~pS~~P~~~
#....'..†~~~~~~~~≈≈~~~~~
######...~~~~≈~≈≈P~P♣♣~.
........#P~~~P~P~~~♣♣
#########~~P~♣~~♣.##
##♣♣♣♣♣~..# #...# #####


You could see 2 electric eels.

Vanquished Creatures
  2 two-headed ogres
  Sigmund (D:2)
  6 orc warriors
  3 ice beasts
  4 black bears
  2 ogres
  2 centaurs
  8 kobold brigands
  A gnoll sergeant (D:8)
  5 scorpions
  3 wights (D:8)
  2 electric eels (D:9)
  2 howler monkeys
  4 hounds
  2 jellies
  3 bombardier beetles
  A gnoll bouda (D:6)
  A sleepcap (D:4)
  4 iguanas
  2 orc wizards (D:9)
  Robin (D:2)
  10 gnolls
  3 adders
  A white imp (D:8)
  2 dart slugs
  3 ribbon worms
  12 orcs
  3 bats
  3 endoplasms
  2 giant cockroaches
  21 goblins
  9 hobgoblins
  3 jackals (D:4)
  17 kobolds
  4 quokkas
  5 ball pythons
  3 frilled lizards
  7 rats
167 creatures vanquished.

Notes
Turn   | Place    | Note
-------+----------+-------------------------------------------
     0 | D:1      | Hubris850 the Draconian Shapeshifter began the quest for
                  | the Orb.
     0 | D:1      | Reached XP level 1. HP: 16/16 MP: 1/1
   163 | D:1      | Reached XP level 2. HP: 20/23 MP: 2/2
   547 | D:2      | Noticed Robin
   686 | D:2      | Reached XP level 3. HP: 28/28 MP: 3/3
   720 | D:2      | Killed Robin
   887 | D:2      | Noticed Sigmund
   903 | D:2      | Killed Sigmund
   904 | D:2      | Reached skill level 4 in Unarmed Combat
   904 | D:2      | Reached skill level 5 in Shapeshifting
   904 | D:2      | Reached XP level 4. HP: 8/35 MP: 4/4
   904 | D:2      | Reached XP level 5. HP: 9/40 MP: 5/5
  1554 | D:3      | Found an iron altar of Okawaru.
  1561 | D:3      | Became a worshipper of Warmaster Okawaru
  1782 | D:3      | Found a glowing golden altar of the Shining One.
  1922 | D:3      | Found an opulent altar of Gozag.
  1949 | D:3      | Found a hide-covered altar of Uskayaw.
  2120 | D:3      | Found a faded altar of an unknown god.
  2224 | D:3      | Found a sparkling altar of Nemelex Xobeh.
  2414 | D:4      | Reached XP level 6. HP: 47/47 MP: 6/6
  2432 | D:4      | Reached skill level 1 in Throwing
  2642 | D:4      | Reached * piety under Okawaru
  2643 | D:4      | Reached skill level 5 in Unarmed Combat
  3125 | D:4      | Your scales start taking on a pale cyan-grey colour.
  3125 | D:4      | Reached XP level 7. HP: 52/52 MP: 7/7
  3125 | D:4      | Gained mutation: You are immune to the effects of steam.
                  | [Pale Draconian growth]
  3258 | D:5      | Entered Level 5 of the Dungeon
  3263 | D:5      | You are sucked into a shaft and drop 2 floors!
  3343 | D:7      | Found a flagged portal.
  3357 | Bailey   | Entered a bailey
  3476 | Bailey   | Identified the +2 robe "Lexiror" {Int+8}
  3574 | Bailey   | Reached skill level 6 in Unarmed Combat
  3574 | Bailey   | Reached XP level 8. HP: 47/59 MP: 8/8
  3588 | Bailey   | Reached ** piety under Okawaru
  3589 | Bailey   | Reached skill level 7 in Unarmed Combat
  3780 | Bailey   | Found a bloodstained altar of Trog.
  3929 | D:7      | Reached skill level 8 in Unarmed Combat
  4132 | D:6      | Reached skill level 9 in Unarmed Combat
  4280 | D:5      | Reached XP level 9. HP: 57/64 MP: 9/9
  4366 | D:5      | Found a radiant altar of Vehumet.
  4515 | D:5      | Identified the orb of the Ditch-Digger {*Rage, Will+ Hexes}
  4598 | D:5      | Reached skill level 10 in Unarmed Combat
  4828 | D:5      | Found a hazy altar of Hepliaklqana.
  4829 | D:5      | Found a shimmering altar of Xom.
  4830 | D:5      | Noticed a spectral ugly thing
  5023 | D:6      | Found a blossoming altar of Fedhas.
  5155 | D:6      | Found a staircase to the Ecumenical Temple.
  5428 | D:7      | Reached *** piety under Okawaru
  5495 | D:7      | Reached skill level 11 in Unarmed Combat
  6086 | D:8      | Found a bloodstained altar of Trog.
  6186 | D:8      | Found Kolifa Surgh's Antique Armour Shop.
  6272 | D:8      | Noticed a two-headed ogre
  6280 | D:8      | Killed a two-headed ogre
  6280 | D:8      | Reached **** piety under Okawaru
  6281 | D:8      | Reached XP level 10. HP: 70/71 MP: 10/10
  6478 | D:9      | Found Sulaptibb's Antique Weapon Boutique.
  6531 | D:9      | Noticed a two-headed ogre
  6539 | D:9      | Killed a two-headed ogre
  6601 | D:9      | Found Heikiys's Distillery.
  6649 | D:9      | Reached skill level 5 in Throwing
  6706 | D:9      | Found Edimnina's Book Shoppe.
  6780 | D:9      | Killed from afar by an electric eel

Illustrated notes

Levels and vault maps discovered:
D:1:      lightli_iron_boxes, layout_rooms, minivault_26,
          chequers_serial_rivers_large_a
D:2:      layout_rooms, uniq_robin, uniq_sigmund
D:3:      layout_basic, eat_drink_and_be_merry_uskayaw,
          nemelex_xobeh_ov_fountains_minmay, mainiacjoe_overflow_cross_hatched,
          mainiacjoe_overflow_paths, mainiacjoe_overflow_24_doors,
          nicolae_ecumenical_lake_church
D:4:      layout_cave_pods
D:5:      layout_loops_cross, regret_index_temple_of_mockery,
          nicolae_vehumet_radiance
D:6:      layout_cave_pools, old_standard_altar, temple_hall,
          minmay_misc_feat_cross
D:7:      layout_rooms, enter_bailey_5
D:8:      layout_basic, trog_ov_bears_minmay, serial_shops,
          nicolae_lakefront_shop
D:9:      layout_irregular_city, david_orc_3, serial_shops,
          nicolae_shop_statue_plus, nicolae_take_the_stairs, shop, shop, shop,
          serial_bayou, serial_bayou_shore_a, serial_bayou_pond_a,
          serial_bayou_ford_a, serial_bayou_lake_a, serial_bayou_shore_b

Skill      XL: |  1  2  3  4  5  6  7  8  9 10 |
---------------+-------------------------------+-----
Unarmed Combat | 4 5 6 9 11 | 11.8
Shapeshifting  | 5 6 7 8 |  8.1
Throwing       | 1 3 4 5 |  5.0
Fighting       | |  1.1
Dodging        | |  1.7

Action                     |  1- 3 |  4- 6 |  7- 9 | 10-12 || total
---------------------------+-------+-------+-------+-------++-------
  Melee: Unarmed           |   101 |    99 |   252 |    55 ||   507
         Tailslap          |     7 |    14 |    52 |    13 ||    86
         Punch             |     1 |     3 |     1 |       ||     5
  Throw: Boomerang         |       |    18 |    21 |       ||    39
 Invoke: Heroism           |       |       |     2 |       ||     2
Ability: Steam Breath      |       |       |     5 |     1 ||     6
         Begin Untransform |       |       |     1 |       ||     1
  Evoke: Wand              |       |       |       |     2 ||     2
    Use: Potion            |     2 |       |     2 |       ||     4
         Scroll            |     4 |     4 |     2 |       ||    10
   Stab: Sleeping          |       |     1 |       |       ||     1
 Armour: Skin              |   145 |    43 |   152 |    46 ||   386
  Dodge: Dodged            |    55 |    59 |   249 |    30 ||   393
   Form: Flux              |       |       |     1 |       ||     1

Table legend: (Time is in decaauts)
 A = Elapsed time spent in this place.
 B = Non-inter-level travel time spent in this place.
 C = Inter-level travel time spent in this place.
 D = Time resting spent in this place.
 E = Time spent auto-exploring this place.
 F = Levels seen in this place.
 G = Mean time per level.
                   A        B        C        D        E       F      G
               +--------+--------+--------+--------+--------+-----+--------+
         Total |   6733 |   6569 |    164 |    569 |   4387 |  10 |  673.3 |
       Dungeon |   6260 |   6096 |    164 |    310 |   4387 |   9 |  695.6 |
        Bailey |    472 |    472 |      0 |    258 |      0 |   1 |  472.0 |
               +--------+--------+--------+--------+--------+-----+--------+

Top non-repeatable levels by time:
     D:3: 999 daAuts
     D:4: 849 daAuts
     D:5: 774 daAuts
     D:2: 731 daAuts
     D:8: 692 daAuts
     D:1: 679 daAuts
     D:6: 617 daAuts
     D:7: 595 daAuts
  Bailey: 472 daAuts
     D:9: 320 daAuts
